 Dungeon Crawl Stone Soup version 0.22-a0-567-gff9aefc (webtiles) character file.

6353 Amnesiac the Carver (level 10, -4/70 HPs)
             Began as a Spriggan Fighter on June 29, 2018.
             Was a Priest of Ru.
             Slain by a yak (5 damage)
             ... on level 9 of the Dungeon on June 30, 2018.
             The game lasted 00:21:42 (13101 turns).

Amnesiac the Carver (Spriggan Fighter)             Turns: 13101, Time: 00:21:43

Health: -4/70      AC:  2    Str: 20    XL:     10   Next: 65%
Magic:  17/17      EV: 20    Int:  8    God:    Ru [***...]
Gold:   247        SH:  8    Dex: 16    Spells: 9/9 levels left

rFire    . . .     SeeInvis +   b - +0 dagger (drain)
rCold    . . .     Gourm    .   c - +0 buckler
rNeg     . . .     Faith    .   k - +0 robe
rPois    .         Spirit   .   (helmet restricted)
rElec    .         Reflect  .   z - scarf {cloud immunity}
rCorr    .         Harm     .   (gloves unavailable)
MR       ++...                  (boots unavailable)
Stlth    ..........             g - amulet of rage
HPRegen  0.21/turn              n - ring of protection from magic
MPRegen  0.15/turn              y - ring of stealth

@: berserking (expiring), very quick
A: very small, unfitting armour, see invisible, dopey 1, herbivore, speed 3,
slow metabolism 2, hated by all, no conjurations magic, no earth magic, no
transmutations magic
a: Draw Out Power, Renounce Religion, Evoke Berserk Rage


You were on level 9 of the Dungeon.
You worshipped Ru.
Ru was most pleased with you.
You were not hungry.

You visited 2 branches of the dungeon, and saw 11 of its levels.

You collected 480 gold pieces.
You spent 233 gold pieces at shops.

Inventory:

Hand Weapons
 a - a +0 long sword
 b - a +0 dagger of draining (weapon)
 w - a +2 dagger of holy wrath
Armour
 c - a +0 buckler (worn)
 k - a +0 robe (worn)
 z - a scarf of cloud immunity (worn)
Jewellery
 g - an amulet of rage (around neck)
 n - a ring of protection from magic (left hand)
 y - a ring of stealth (right hand)
 E - an uncursed ring of wizardry
Wands
 q - a wand of digging (11)
 x - a wand of paralysis (15)
 F - a wand of acid (8)
 H - a wand of polymorph (11)
 J - a wand of random effects (10)
 L - a wand of disintegration (11)
Scrolls
 e - 3 scrolls of blinking {!r}
 h - 3 scrolls of teleportation {!r}
 i - a scroll of fog {!r}
 j - 2 scrolls of enchant armour {!r, unknown}
 l - 2 scrolls of fear {!r}
 m - 5 scrolls of remove curse {!r}
 o - 2 scrolls of enchant weapon {!r, unknown}
 p - a scroll of identify {!r}
 r - 2 scrolls of noise {!r, unknown}
 v - 2 scrolls of magic mapping {!r}
 C - a scroll of amnesia {!r, unknown}
 G - a scroll of immolation {!r, unknown}
 K - a scroll of holy word {!r, unknown}
Potions
 d - a potion of heal wounds {!q}
 s - 2 potions of agility {!q}
 t - 2 potions of might {!q}
 u - a potion of berserk rage {!q}
 A - a potion of ambrosia {!q}
 B - 2 potions of mutation {!q}
 D - a potion of haste {!q}
 I - a potion of resistance {!q, unknown}
Comestibles
 f - 6 rations


   Skills:
 - Level 2.4 Fighting
 * Level 10.2 Long Blades
 - Level 4.4 Dodging
 + Level 6.9 Shields
 - Level 9.0 Evocations


You had 9 spell levels left.
You didn't know any spells.
Your spell library was empty.

Dungeon Overview and Level Annotations

Branches:
Dungeon (10/15)            Temple (1/1) D:4            Lair (0/6) D:8
    Orc: D:9-12

Altars:
Ashenzari
Cheibriados
Dithmenos
Elyvilon
Fedhas
Gozag
Hepliaklqana
Kikubaaqudgha
Makhleb
Nemelex Xobeh
Okawaru
Qazlal
Ru
Sif Muna
Trog
Uskayaw
Wu Jian
Xom
Yredelemnul
Zin
The Shining One

Shops:
D:4 }?=   D:7 (   D:9 [


Innate Abilities, Weirdness & Mutations

You are very small and have problems with some larger weapons.
You are too small for most types of armour.
You have supernaturally acute eyesight. (SInv)
You are dopey. (Int -2)
You are a herbivore.
You cover ground extremely quickly.
You need to consume almost no food.
You are hated by all.
You cannot study or cast Conjurations magic.
You cannot study or cast Earth magic.
You cannot study or cast Transmutations magic.


Message History

The yak is lightly wounded.
You hit the yak. You drain the yak!
The yak is moderately wounded.
The yak barely misses you.
You hit the yak.
The yak is moderately wounded.
You hit the yak. You drain the yak!
The yak is heavily wounded.
You hit the yak.
The yak is heavily wounded.
You hit the yak.
The yak is heavily wounded.
You hit the yak.
The yak is heavily wounded.
The yak closely misses you.
You barely miss the yak.
The yak is heavily wounded.
You hit the yak but do no damage. You hit the yak but do no damage.
You hit the yak but do no damage. The yak misses you.
You barely miss the yak. You hit the yak but do no damage. You drain the yak!
The yak is lightly wounded.
The yak gores you!
* * * LOW HITPOINT WARNING * * *
You hit the yak but do no damage.
The yak is lightly wounded.
You hit the yak but do no damage.
The yak is lightly wounded.
You block the yak's attack.
You hit the yak.
The yak is lightly wounded.
You closely miss the yak.
The yak is lightly wounded.
The yak gores you!
* * * LOW HITPOINT WARNING * * *
You barely miss the yak.
The yak is lightly wounded.
You hit the yak. You drain the yak!
The yak is lightly wounded.
The yak barely misses you.
A red film seems to cover your vision as you go berserk!
You feel yourself moving faster!
You feel mighty!
You feel a lot more hungry. The yak closely misses you.
You puncture the yak! You drain the yak!
The yak is severely wounded.
The yak gores you.
* * * LOW HITPOINT WARNING * * *
You puncture the yak! You drain the yak!
You kill the yak!
You puncture the yak! You drain the yak!
The yak is almost dead.
You puncture the yak!
You kill the yak!
You swing at nothing.
You swing at nothing.
You feel a strong urge to attack something.
You swing at nothing.
You puncture the yak! You drain the yak!
The yak is severely wounded.
You hit the yak.
The yak is severely wounded.
The yak gores you.
You die...

#.........#.#.#####.#
##...#######.#........
##.#.#.## #.########.
##.##.##.## #+# #.
#.###.###.# ... #.
##.##.##.## .... #.
##...#.## ..... #.
##....###...... ###.
#.....@Y'.....: ....
##...####...... ###.
##...# ..... ## ###.#
.... # #.# ... #)# #+#
#.#######.##
#..........#
#########..#


You could see a yak.

Vanquished Creatures
  An ugly thing (D:9)
  A komodo dragon (D:8)
  2 hippogriffs
  Sigmund (D:3)
  11 yaks (D:9)
  3 hungry ghosts
  2 ice beasts
  A sky beast (D:7)
  A phantom (D:8)
  An eye of draining (D:9)
  2 ogres
  2 black bears (D:7)
  8 centaurs
  6 bullfrogs
  5 killer bees (D:7)
  2 scorpions
  4 wights (D:7)
  6 howler monkeys
  3 crimson imps
  3 jellies
  2 hounds
  2 orc priests
  An iron imp (D:8)
  4 orc wizards
  2 iguanas
  4 worker ants
  A hound zombie (D:6)
  A hound skeleton (D:5)
  9 adders
  A shadow imp (D:6)
  2 oozes
  An adder skeleton (D:8)
  2 worms
  2 leopard geckos
  27 orcs
  4 bats
  8 giant cockroaches
  7 goblins
  4 hobgoblins
  4 jackals (D:2)
  2 quokkas
  4 ball pythons
  A ball python skeleton (D:4)
  6 frilled lizards
  A jackal skeleton (D:4)
  A jackal zombie (D:7)
  3 kobolds
  8 rats
179 creatures vanquished.

Vanquished Creatures (others)
  6 plants (D:8)
6 creatures vanquished.

Grand Total: 185 creatures vanquished

Notes
Turn   | Place    | Note
-------+----------+-------------------------------------------
     0 | D:1      | Amnesiac the Spriggan Fighter began the quest for the Orb.
     0 | D:1      | Reached XP level 1. HP: 11/11 MP: 2/2
   116 | D:1      | Reached skill level 2 in Long Blades
   184 | D:1      | Reached XP level 2. HP: 7/16 MP: 3/3
   560 | D:5      | Entered Level 5 of the Dungeon
   566 | D:4      | Reached XP level 3. HP: 19/19 MP: 4/4
   597 | D:4      | Found Opureyfoe's Magic Scroll Emporium.
   602 | D:4      | Bought a scroll of identify for 26 gold pieces
   602 | D:4      | Bought a scroll of identify for 26 gold pieces
   647 | D:5      | Reached skill level 3 in Long Blades
   647 | D:5      | Reached XP level 4. HP: 20/23 MP: 5/5
   962 | D:4      | Reached XP level 5. HP: 26/27 MP: 6/6
  1043 | D:4      | Found Efuocw's Gadget Shop.
  1045 | D:4      | Noticed a hungry ghost
  1205 | D:4      | Bought a scroll of remove curse for 39 gold pieces
  1247 | D:4      | Killed a hungry ghost
  1247 | D:4      | Reached skill level 4 in Long Blades
  1247 | D:4      | Reached XP level 6. HP: 18/32 MP: 7/7
  1757 | D:4      | Found Cagicik's Jewellery Shop.
  2029 | D:4      | Found a staircase to the Ecumenical Temple.
  2038 | Temple   | Entered the Ecumenical Temple
  2163 | Temple   | Became a worshipper of Ru the Awakened
  2651 | D:1      | You fall through a shaft!
  3013 | D:1      | Reached skill level 5 in Long Blades
  3394 | D:2      | Found a glowing golden altar of the Shining One.
  3395 | D:2      | Gained mutation: You cannot study or cast Earth magic. [Ru sacrifice]
  3395 | D:2      | Gained mutation: You cannot study or cast Transmutations magic. [Ru sacrifice]
  3395 | D:2      | Gained mutation: You cannot study or cast Conjurations magic. [Ru sacrifice]
  3395 | D:2      | Reached * piety under Ru
  3995 | D:3      | Found a sparkling altar of Nemelex Xobeh.
  4200 | D:3      | Noticed Sigmund
  4220 | D:3      | Reached XP level 7. HP: 30/35 MP: 8/8
  4364 | D:3      | Killed Sigmund
  5691 | D:5      | Reached skill level 6 in Long Blades
  5691 | D:5      | Reached skill level 1 in Evocations
  6143 | D:5      | Reached XP level 8. HP: 17/39 MP: 10/10
  6460 | D:5      | Gained mutation: You are dopey. (Int -2) [Ru sacrifice]
  6795 | D:6      | Found a bloodstained altar of Trog.
  7471 | D:6      | Found a stormy altar of Qazlal.
  7551 | D:6      | Reached skill level 7 in Long Blades
  8358 | D:7      | Found an ancient bone altar of Kikubaaqudgha.
  8416 | D:7      | Reached skill level 5 in Shields
  8455 | D:7      | Reached skill level 5 in Evocations
  8584 | D:7      | Found Ilaag's Weapon Shoppe.
  8627 | D:7      | Reached XP level 9. HP: 36/43 MP: 13/13
  8839 | D:7      | Reached skill level 8 in Long Blades
 10163 | D:8      | Gained mutation: You are hated by all. [Ru sacrifice]
 10163 | D:8      | Reached ** piety under Ru
 10163 | D:8      | Reached *** piety under Ru
 10609 | D:4      | Bought a scroll of blinking for 97 gold pieces
 10609 | D:4      | Bought a scroll of magic mapping for 45 gold pieces
 10731 | D:8      | Noticed a komodo dragon
 10732 | D:8      | Found a staircase to the Lair.
 10862 | D:8      | Killed a komodo dragon
 11284 | D:8      | Reached skill level 9 in Long Blades
 11297 | D:8      | Found a snail-covered altar of Cheibriados.
 11882 | D:9      | Found Abbuniti's Antique Armour Shop.
 12055 | D:9      | Reached XP level 10. HP: 47/47 MP: 16/16
 12234 | D:9      | Noticed a purple ugly thing
 12289 | D:9      | Killed a purple ugly thing
 12442 | D:9      | Found a blossoming altar of Fedhas.
 12867 | D:10     | Entered Level 10 of the Dungeon
 12943 | D:9      | Reached skill level 10 in Long Blades
 13093 | D:9      | HP: 1/70 [yak (6)]
 13101 | D:9      | Slain by a yak

Vault maps used:
D:1:      onia_arrival_larder
D:2:      lemuel_doored_altar
D:3:      kennysheep_six_static_rooms, nemelex_xobeh_ov_fountains_minmay,
          uniq_sigmund
D:4:      minmay_temple_entry_crystal_x, serial_shops, kennysheep_little_box,
          shop, shop, serial_bayou, serial_bayou_crossing, serial_bayou_pond_d,
          serial_bayou_pond_c, serial_bayou_shore_b, first_ration,
          minmay_distorted
D:6:      bloody_trog, old_standard_altar
D:7:      nicolae_overflow_crystal_walls, serial_shops, shop
D:8:      nicolae_overflow_hidden_temple, slow_altar_2, david_lair_shrubbed,
          serial_glass, glass_columns_a, glass_columns_a, feat_on_display
D:9:      fedhas_bush_and_centaur_altar, serial_shops, shop
D:10:     hiddenorc2_lemuel
Temple:   minmay_temple_curvy_branch

Skill      XL: |  1  2  3  4  5  6  7  8  9 10 |
---------------+-------------------------------+-----
Long Blades    | 2 3 4 5 6 7 9 10 | 10.2
Shields        | 3 4 5 6 |  6.9
Evocations     | 2 5 7 9 |  9.0
Fighting       | |  2.4
Dodging        | |  4.4

Action                   |  1- 3 |  4- 6 |  7- 9 | 10-12 || total
-------------------------+-------+-------+-------+-------++-------
Melee: Long sword        |    60 |   224 |   296 |       ||   580
       Dagger            |       |       |   306 |   334 ||   640
Invok: Sacrifice Arcana  |       |     1 |       |       ||     1
       Sacrifice Purity  |       |       |     1 |       ||     1
       Sacrifice Love    |       |       |     1 |       ||     1
 Abil: Evoke Berserk Rag |       |       |       |     1 ||     1
Evoke: Wand              |       |       |     7 |       ||     7
  Use: Scroll            |     2 |     1 |     4 |       ||     7
       Potion            |       |     2 |     5 |       ||     7
 Stab: Sleeping          |     3 |     1 |     6 |       ||    10
       Distracted        |       |     2 |     1 |       ||     3
       Paralysed         |       |       |    12 |       ||    12
       Invisible         |       |       |       |     1 ||     1
  Eat: Ration            |       |     5 |     2 |     3 ||    10
Armor: Robe              |     2 |    13 |    11 |     8 ||    34
Dodge: Dodged            |    33 |   171 |   282 |   109 ||   595
Block: Buckler           |    20 |    76 |   151 |    47 ||   294
       Rpst.: Long sword |    12 |    54 |    49 |       ||   115

Table legend:
 A = Spawn XP
 B = Non-spawn XP
 C = Spawn XP percentage of total XP
 D = Spawn monster count
 E = Non-spawn monster count
 F = Spawn count percentage of total count
 G = Total turns spent on level
                    A         B        C        D         E        F      G
               +---------+---------+-------+---------+---------+-------+---------
         Total |       0 |    9077 |   0.0 |       0 |     179 |   0.0 | 13101
               +---------+---------+-------+---------+---------+-------+---------
           D:1 |       0 |      25 |   0.0 |       0 |      15 |   0.0 |   928
           D:2 |       0 |     113 |   0.0 |       0 |      22 |   0.0 |  1273
           D:3 |       0 |     397 |   0.0 |       0 |      28 |   0.0 |  1381
           D:4 |       0 |     434 |   0.0 |       0 |      16 |   0.0 |  1401
           D:5 |       0 |     651 |   0.0 |       0 |      23 |   0.0 |  1693
           D:6 |       0 |     510 |   0.0 |       0 |      11 |   0.0 |  1110
           D:7 |       0 |    1732 |   0.0 |       0 |      24 |   0.0 |  2722
           D:8 |       0 |    1286 |   0.0 |       0 |      16 |   0.0 |  1034
           D:9 |       0 |    3929 |   0.0 |       0 |      24 |   0.0 |  1243
               +---------+---------+-------+---------+---------+-------+---------
